 Dungeon Crawl Stone Soup version 0.28.0-53-g5a82cb258f (webtiles) character file.

Game seed: 16405843851645287039

58 sanboga the Chopper (level 3, -5/33 HPs)
             Began as a Minotaur Berserker on July 6, 2022.
             Was a Believer of Trog.
             Slain by a gnoll
             ... wielding a +1 halberd of venom
              (10 damage)
             ... on level 2 of the Dungeon.
             The game lasted 00:01:26 (1538 turns).

sanboga the Chopper (Minotaur Berserker)            Turns: 1538, Time: 00:01:26

Health: -5/33      AC:  3    Str: 23    XL:     3   Next: 75%
Magic:  2/2        EV: 12    Int:  4    God:    Trog [**....]
Gold:   12         SH:  0    Dex:  9    Spells: 2/2 levels left

rFire   . . .      SeeInvis .   a - +0 hand axe
rCold   . . .      Faith    .   (no shield)
rNeg    . . .      Spirit   .   b - +0 animal skin
rPois   .          Reflect  .   (helmet restricted)
rElec   .          Harm     .   d - +0 cloak
rCorr   .          Rampage  .   (no gloves)
Will    .....                   (no boots)
Stlth   +.........              e - amulet of the acrobat
HPRegen 0.11/turn               (no ring)
MPRegen 0.08/turn               (no ring)

@: invisible
A: horns 2, retaliatory headbutt
a: Renounce Religion, Berserk, Trog's Hand


You were on level 2 of the Dungeon.
You worshipped Trog.
Trog was pleased with you.
You visited 1 branch of the dungeon, and saw 2 of its levels.

You collected 12 gold pieces.

Inventory:

Hand Weapons
 a - a +0 hand axe (weapon)
Armour
 b - a +0 animal skin (worn)
 d - a +0 cloak (worn)
Jewellery
 e - an amulet of the acrobat (around neck)
Scrolls
 c - 3 scrolls of identify {unknown}
 f - a scroll of vulnerability {unknown}


   Skills:
 + Level 4.1 Fighting
 * Level 4.6 Axes
 + Level 3.1 Armour
 + Level 2.8 Dodging


You had 2 spell levels left.
You didn't know any spells.
Your spell library was empty.

Dungeon Overview and Level Annotations

Branches:
Dungeon (2/15)

Altars:

Shops:
D:1 =


Innate Abilities, Weirdness & Mutations

You have a pair of horns on your head.
You reflexively headbutt those who attack you in melee.


Message History

A gnoll comes into view. It is wielding a +0 spear.
The gnoll shouts!
A gnoll is nearby!
A gnoll comes into view. It is wielding a +0 whip.
Found an escape hatch in the ceiling.
The gnoll shouts!
A gnoll comes into view. It is wielding a +1 halberd of venom.
The gnoll completely misses you. You furiously retaliate!
You headbutt the gnoll!
The gnoll shouts!
You slash the gnoll!
You kill the gnoll!
Trog accepts your kill.
Things that are here:
a +0 spear; a gnoll corpse You hit the gnoll.
Your headbutt misses the gnoll.
The gnoll is moderately wounded.
The gnoll closely misses you.
You hit the gnoll.
The gnoll is heavily wounded.
The gnoll closely misses you. The gnoll hits you with a +0 whip!
You hit the gnoll but do no damage.
The gnoll is heavily wounded.
The gnoll barely misses you. The gnoll hits you with a +0 whip.
You hit the gnoll.
The gnoll is severely wounded.
The gnoll closely misses you. The gnoll hits you with a +0 whip.
The gnoll hits you from afar with a +1 halberd of venom!
* * * LOW HITPOINT WARNING * * *
You are too injured to fight recklessly!
You are too injured to fight recklessly!
You are too injured to fight recklessly!
You are too injured to fight recklessly!
You are too injured to fight recklessly!
You are too injured to fight recklessly!
It was a potion of invisibility.
You fade into invisibility!
The gnoll closely misses you.
The gnoll hits you from afar with a +1 halberd of venom!
You die...

#####......#
....#.####.#
#........#
###......#
#.....#########
##...>........#
##.#########.# #.#
###.### #@# #.....#
#g# ###.#.#.# .g.
#.......# .....
#.#.#.#.# .......
#.#.#.#.#
.....<...#.#.....#
+.........+.......#
#.........#.##....#
#.###.#.#


You could see 2 gnolls.

Vanquished Creatures
  A gnoll (D:2)
  2 dart slugs (D:1)
  7 bats
  3 endoplasms (D:1)
  2 giant cockroaches
  6 hobgoblins
  2 kobolds
  A quokka (D:2)
  4 ball pythons
  3 frilled lizards
  4 goblins
  5 rats (D:1)
40 creatures vanquished.

Notes
Turn   | Place    | Note
-------+----------+-------------------------------------------
     0 | D:1      | sanboga the Minotaur Berserker began the quest for the Orb.
     0 | D:1      | Reached XP level 1. HP: 19/19 MP: 0/0
    21 | D:1      | Found a faded altar of an unknown god.
   207 | D:1      | Reached XP level 2. HP: 23/27 MP: 1/1
   305 | D:1      | Found Ohuhotsa's Jewellery Shop.
   527 | D:1      | You fall into a shaft and drop 1 floor!
   660 | D:1      | Reached XP level 3. HP: 29/33 MP: 2/2
   915 | D:1      | Reached ** piety under Trog
  1538 | D:2      | Slain by a gnoll

Illustrated notes

Levels and vault maps discovered:
D:1:      pf_arrival_petrified_forest, layout_basic, serial_shops,
          nicolae_lakefront_shop, shapermc_ecumenical_altar_venn
D:2:      layout_loops_corners, basic_altar

Skill      XL: |  1  2  3 |
---------------+----------+-----
Axes           | 4 |  4.6
Fighting       | 4 |  4.1
Armour         | 3 |  3.1
Dodging        | |  2.8

Action                   || total
-------------------------++-------
Melee: Hand axe          ||    86
       Headbutt          ||     7
  Use: Potion            ||     1
Armor: Animal skin       ||    21
Dodge: Dodged            ||    65
